 Dungeon Crawl Stone Soup version 0.21.1-1-g345015f (webtiles) character file.

254 olivier the Shield-Bearer (level 6, 0/53 HPs)
             Began as a Gnoll Fighter on June 10, 2018.
             Slain by a slave (2 damage)
             ... led by Pikel
             ... on level 4 of the Dungeon.
             The game lasted 00:09:29 (2249 turns).

olivier the Shield-Bearer (Gnoll Fighter)           Turns: 2249, Time: 00:09:32

Health: 0/53       AC: 11    Str: 24    XL:     6   Next: 14%
Magic:  8/8        EV: 10    Int: 12    God:
Gold:   176        SH: 11    Dex: 14    Spells: 8/8 levels left

rFire    . . .     SeeInvis .   a - +0 trident
rCold    . . .     Gourm    .   c - +0 shield
rNeg     . . .     Faith    .   b - +0 scale mail
rPois    .         Spirit   .   (no helmet)
rElec    .         Reflect  .   (no cloak)
rCorr    .         Harm     +   (no gloves)
MR       .....                  (no boots)
Stlth    +.........             s - amulet of harm
HPRegen  0.17/turn              g - +1 ring of evasion
MPRegen  0.11/turn              w - +4 ring of protection

@: mighty
A: distributed training, fangs 1, strong nose
a: no special abilities


You were on level 4 of the Dungeon.
You were not hungry.

You visited 1 branch of the dungeon, and saw 4 of its levels.
You also visited: Sewer.

You collected 176 gold pieces.

Inventory:

Hand Weapons
 a - a +0 trident (weapon)
Armour
 b - a +0 scale mail (worn)
 c - a +0 shield (worn)
Jewellery
 g - a +1 ring of evasion (left hand)
 s - an amulet of harm (around neck)
 w - a +4 ring of protection (right hand)
Wands
 q - a wand of polymorph (13)
 r - a wand of flame (30)
Scrolls
 e - 3 scrolls of magic mapping {unknown}
 i - 3 scrolls of enchant armour {unknown}
 j - 2 scrolls of amnesia {unknown}
 k - 6 scrolls of identify {unknown}
 l - 2 scrolls of remove curse {unknown}
 p - 4 scrolls of teleportation {unknown}
 u - a scroll of fear {unknown}
Potions
 d - a potion of might
 h - 3 potions of haste {unknown}
 n - a potion of ambrosia {unknown}
 o - a potion of heal wounds {unknown}
 t - a potion of brilliance {unknown}
 v - a potion of curing {unknown}
 z - a potion of magic {unknown}
Books
 m - a book of Changes

   Spells                             Type                      Level
   a - Beastly Appendage              Transmutation                1
   b - Sticks to Snakes               Transmutation                2
   c - Spider Form                    Transmutation/Poison         3
   d - Ice Form                       Ice/Transmutation            4
   e - Blade Hands                    Transmutation                5
Comestibles
 f - 6 rations


   Skills:
 + Level 6.8 Fighting
 + Level 1.8 Short Blades
 + Level 1.8 Long Blades
 + Level 1.8 Axes
 + Level 1.8 Maces & Flails
 + Level 4.9 Polearms
 + Level 1.8 Staves
 + Level 1.8 Slings
 + Level 1.8 Bows
 + Level 1.8 Crossbows
 + Level 1.8 Throwing
 + Level 6.8 Armour
 + Level 1.8 Dodging
 + Level 1.8 Stealth
 + Level 6.8 Shields
 + Level 1.8 Unarmed Combat
 + Level 1.8 Spellcasting
 + Level 1.4 Conjurations
 + Level 1.4 Hexes
 + Level 1.4 Charms
 + Level 1.4 Summonings
 + Level 1.4 Necromancy
 + Level 1.4 Translocations
 + Level 1.4 Transmutations
 + Level 1.4 Fire Magic
 + Level 1.4 Ice Magic
 + Level 1.4 Air Magic
 + Level 1.4 Earth Magic
 + Level 1.4 Poison Magic
 + Level 2.0 Invocations
 + Level 1.8 Evocations


You had 8 spell levels left.
You didn't know any spells.

Dungeon Overview and Level Annotations

Branches:
Dungeon (4/15)
 Temple: D:4-7

Altars:
Elyvilon
Fedhas
The Shining One

Annotations:
D:4 Pikel


Innate Abilities, Weirdness & Mutations

Your experience applies equally to all skills.
You have very sharp teeth.
Your uncanny sense of smell can sniff out nearby items.


Message History

Pikel hits you with a whip of flaming. Pikel burns you.
You block the slave's attack. x2; The slave hits you.
The slave hits you but does no damage. Pikel completely misses you.
The slave misses you. The slave hits you but does no damage.
Your shield prevents you from hitting Pikel.
Pikel is heavily wounded.
The slave closely misses you. You block the slave's attack. x3
Pikel hits you but does no damage.
You feel very mighty all of a sudden. You block the slave's attack.
The slave hits you but does no damage. You block the slave's attack.
The slave hits you but does no damage. Pikel hits you with a whip of flaming.
Pikel burns you.
You closely miss Pikel.
Pikel is heavily wounded.
The slave closely misses you. The slave hits you!
* * * LOW HITPOINT WARNING * * *
Pikel zaps a wand.
You are blasted!
* * * LOW HITPOINT WARNING * * *
The slave hits you.
You die...

#.#.# .#
#...###.#.
#........#
#........#
#........#
#........##
#<.........
#...p....#
#$.@p5...#
#.ppK....#
∆
###....?...
#........
.........
.........
.##...###
.. #..#


You could see Pikel, 4 slaves and a shadow imp.

Vanquished Creatures
  4 adders
  9 river rats
  An ooze (D:1)
  8 worms
  5 dart slugs
  5 leopard geckos
  5 orcs (D:3)
  2 giant cockroaches
  5 hobgoblins
  12 kobolds
  A quokka (D:3)
  6 ball pythons
  11 bats
  6 frilled lizards
  3 goblins
  22 rats
105 creatures vanquished.

Notes
Turn   | Place    | Note
-------+----------+-------------------------------------------
     0 | D:1      | olivier the Gnoll Fighter began the quest for the Orb.
     0 | D:1      | Reached XP level 1. HP: 23/23 MP: 1/1
    69 | D:1      | Reached XP level 2. HP: 25/29 MP: 2/2
   237 | D:1      | Reached XP level 3. HP: 34/35 MP: 3/3
   626 | D:2      | Reached skill level 1 in Invocations
   688 | D:2      | Reached skill level 1 in Short Blades
   688 | D:2      | Reached skill level 1 in Long Blades
   688 | D:2      | Reached skill level 1 in Axes
   688 | D:2      | Reached skill level 1 in Maces & Flails
   688 | D:2      | Reached skill level 1 in Staves
   688 | D:2      | Reached skill level 1 in Slings
   688 | D:2      | Reached skill level 1 in Bows
   688 | D:2      | Reached skill level 1 in Crossbows
   688 | D:2      | Reached skill level 1 in Throwing
   688 | D:2      | Reached skill level 1 in Dodging
   688 | D:2      | Reached skill level 1 in Stealth
   688 | D:2      | Reached skill level 1 in Unarmed Combat
   688 | D:2      | Reached skill level 1 in Spellcasting
   688 | D:2      | Reached skill level 1 in Evocations
   731 | D:2      | Reached XP level 4. HP: 34/41 MP: 5/5
   942 | D:2      | Reached skill level 1 in Conjurations
   942 | D:2      | Reached skill level 1 in Hexes
   942 | D:2      | Reached skill level 1 in Charms
   942 | D:2      | Reached skill level 1 in Summonings
   942 | D:2      | Reached skill level 1 in Necromancy
   942 | D:2      | Reached skill level 1 in Translocations
   942 | D:2      | Reached skill level 1 in Transmutations
   942 | D:2      | Reached skill level 1 in Fire Magic
   942 | D:2      | Reached skill level 1 in Ice Magic
   942 | D:2      | Reached skill level 1 in Air Magic
   942 | D:2      | Reached skill level 1 in Earth Magic
   942 | D:2      | Reached skill level 1 in Poison Magic
  1206 | D:3      | Found a blossoming altar of Fedhas.
  1214 | D:3      | Reached XP level 5. HP: 44/47 MP: 6/6
  1416 | D:3      | Found a glowing drain.
  1420 | Sewer    | Entered a sewer
  1599 | Sewer    | Reached XP level 6. HP: 41/53 MP: 8/8
  2031 | D:3      | Found a white marble altar of Elyvilon.
  2033 | D:3      | Found a glowing golden altar of the Shining One.
  2236 | D:4      | Noticed Pikel
  2236 | D:4      | Noticed a slave
  2236 | D:4      | Noticed a slave
  2236 | D:4      | Noticed a slave
  2236 | D:4      | Noticed a slave
  2249 | D:4      | HP: 2/53 [disintegration (9)]
  2249 | D:4      | Slain by a slave

Skill      XL: |  1  2  3  4  5  6 |
---------------+-------------------+-----
Invocations    | 1 2 |  2.0
Short Blades   | 1 |  1.8
Long Blades    | 1 |  1.8
Axes           | 1 |  1.8
Maces & Flails | 1 |  1.8
Staves         | 1 |  1.8
Slings         | 1 |  1.8
Bows           | 1 |  1.8
Crossbows      | 1 |  1.8
Throwing       | 1 |  1.8
Dodging        | 1 |  1.8
Stealth        | 1 |  1.8
Unarmed Combat | 1 |  1.8
Spellcasting   | 1 |  1.8
Evocations     | 1 |  1.8
Conjurations   | 1 |  1.4
Hexes          | 1 |  1.4
Charms         | 1 |  1.4
Summonings     | 1 |  1.4
Necromancy     | 1 |  1.4
Translocations | 1 |  1.4
Transmutations | 1 |  1.4
Fire Magic     | 1 |  1.4
Ice Magic      | 1 |  1.4
Air Magic      | 1 |  1.4
Earth Magic    | 1 |  1.4
Poison Magic   | 1 |  1.4
Fighting       | |  6.8
Polearms       | |  4.9
Armour         | |  6.8
Shields        | |  6.8

Action                   |  1- 3 |  4- 6 || total
-------------------------+-------+-------++-------
Melee: Trident           |   108 |   254 ||   362
       Bite              |     8 |    22 ||    30
  Use: Potion            |       |     1 ||     1
  Eat: Chunk             |       |     2 ||     2
       Ration            |       |     1 ||     1
Armor: Scale mail        |    13 |    64 ||    77
Dodge: Dodged            |    26 |    71 ||    97
Block: Shield            |    37 |   124 ||   161
